 Dungeon Crawl Stone Soup version 0.30-a0-1043-g60ff8d5f49 (webtiles) character file.

Game seed: 3293786870287565714

1451 NateTC the Fighter (level 8, 0/57 HPs)
             Began as a Gargoyle Fighter on Apr 9, 2023.
             Slain by an ogre
             ... wielding a +0 giant club
              (29 damage)
             ... on level 6 of the Dungeon.
             The game lasted 00:11:23 (5707 turns).

NateTC the Fighter (Gargoyle Fighter)               Turns: 5707, Time: 00:11:23

Health: 0/57       AC: 15    Str: 22    XL:     8   Next: 75%
Magic:  8/8        EV:  8    Int:  9    God:
Gold:   207        SH:  8    Dex:  9    Spells: 7/7 levels left

rFire   + . .      SeeInvis .    a - +1 flail (elec)
rCold   + . .      Faith    .    x - +0 kite shield
rNeg    + + .      Spirit   .    b - +0 scale mail
rPois   ∞          Reflect  .    q - +0 helmet
rElec   +          Rampage  .    n - scarf {rC+ rF+}
rCorr   +                        A - +0 pair of gloves
Will    .....                    e - +0 pair of boots Stlth
                                 (no amulet)
HPRegen 0.29/turn                u - ring of resist corrosion
MPRegen 0.11/turn                s - ring of positive energy

@: no status effects
A: sickness immunity, AC +5, negative energy resistance 1, electricity
resistance, torment resistance 1, petrification resistance
a: no special abilities


You were on level 6 of the Dungeon.
You visited 1 branch of the dungeon, and saw 6 of its levels.
You also visited: Sewer.

You collected 324 gold pieces.
You spent 117 gold pieces at shops.

Inventory:

Hand Weapons
 a - a +1 flail of electrocution (weapon)
Armour
 b - a +0 scale mail (worn)
 e - a +0 pair of boots (worn)
 j - a +0 cloak
 n - a scarf of resistance (worn)
 q - a +0 helmet (worn)
 x - a +0 kite shield (worn)
 A - a +0 pair of gloves (worn)
Jewellery
 s - a ring of positive energy (right hand)
 u - a ring of resist corrosion (left hand)
Wands
 w - a wand of charming (11)
 z - a wand of digging (5)
 B - a wand of mindburst (21)
Scrolls
 l - a scroll of brand weapon
 m - 2 scrolls of blinking
 t - 2 scrolls of teleportation
 y - a scroll of magic mapping
 C - a scroll of enchant weapon
 D - a scroll of fear {unknown}
Potions
 c - 2 potions of ambrosia {unknown}
 d - 7 potions of haste
 f - 4 potions of mutation {unknown}
 g - a potion of flight {unknown}
 h - 2 potions of degeneration {unknown}
 i - 4 potions of heal wounds {unknown}
 k - 2 potions of magic {unknown}
 o - 2 potions of curing
 p - a potion of cancellation {unknown}
 r - a potion of resistance {unknown}
 v - a potion of invisibility {unknown}


   Skills:
 * Level 9.6 Fighting
 - Level 5.4 Maces & Flails
 - Level 3.2 Armour
 + Level 5.4 Shields


You had 7 spell levels left.
You didn't know any spells.
Your spell library contained the following spells:

 Spells                   Type           Power      Damage    Failure   Level
 Apportation              Tloc           0%         N/A       96%         1
 Blink                    Tloc           0%         N/A       99%         2
 Lesser Beckoning         Tloc           0%         N/A       99%         2
 Momentum Strike          Conj/Tloc      0%         3d8       99%         2
 Alistair's Intoxication  Tmut/Pois      0%         N/A       100%        5


Dungeon Overview and Level Annotations

Branches:
Dungeon (6/15) Zot: 26849  Temple (0/1) D:5           Sewer (visited)

Altars:
The Shining One

Shops:
D:2 ?   D:3 *


Innate Abilities, Weirdness & Mutations

You are immune to sickness and miasma.
Your stone body is resilient. (AC +5)
You are immune to poison.
You resist negative energy. (rN+)
You are resistant to electric shocks. (rElec)
You are resistant to unholy torment.
You are immune to petrification.


Message History

The shadow imp hits you but does no damage.
You hit the shadow imp.
The shadow imp is heavily wounded.
You block the shadow imp's attack. The shadow imp gestures at you.
Pain shoots through your body!
You thump the shadow imp!
You kill the shadow imp!
Found an escape hatch in the ceiling.
Found a stone staircase leading down.
There is an escape hatch in the ceiling here.
Found 8 gold pieces.
You now have enough gold to buy a scroll of enchant armour on D:3.
You can access your shopping list by pressing '$'.
You now have 200 gold pieces (gained 8).
Found a stone staircase leading down and a stone staircase leading up.
Found a glowing orb.
You see here an orb of energy.
You now have 207 gold pieces (gained 7).
Found a robe.
c - 2 lumpy amethyst potions (gained 1)
An ogre comes into view. It is wielding a +0 giant club.
The ogre shouts!
An ogre is nearby!
Found a war axe.
Found a stone staircase leading down.
The ogre hits you with a +0 giant club!!
You barely miss the ogre. The ogre barely misses you.
You hit the ogre.
The ogre is lightly wounded.
The ogre hits you with a +0 giant club.
You are too injured to fight recklessly!
You are too injured to fight recklessly!
You are too injured to fight recklessly!
You are too injured to fight recklessly!
You sock the ogre!
The ogre is heavily wounded.
The ogre hits you with a +0 giant club!!
Ouch! That really hurt!
You die...

###.....###
###...###.#.##
##...#####....#
#######..#####......##
....#..### ##........#
#....### ##.........#
#....# #..........##
..#### ##...........#
### #......@.....# #
#.[......O....#
#..............#
#..............##
#.............##
#).........##.#
#..>.....## #.
#.....### ..


You could see an ogre.

Vanquished Creatures
  Sigmund (D:2)
  A water moccasin (D:5)
  An ice beast (D:5)
  A black bear (D:4)
  2 ogres (D:5)
  A kobold brigand (Sewer)
  Blork the orc (D:4)
  4 hounds
  A jelly (D:5)
  An orc priest (D:4)
  Jessica (D:2)
  4 orc wizards (D:4)
  A sleepcap (D:4)
  3 iguanas (D:5)
  Robin (D:2)
  3 river rats (Sewer)
  9 adders
  A shadow imp (D:6)
  An ufetubus (D:6)
  2 worms
  2 dart slugs
  14 orcs
  5 bats
  13 endoplasms
  9 giant cockroaches
  8 goblins
  3 hobgoblins
  8 jackals (D:1)
  9 quokkas
  11 ball pythons
  7 frilled lizards
  21 kobolds
  34 rats
184 creatures vanquished.

Notes
Turn   | Place    | Note
-------+----------+-------------------------------------------
     0 | D:1      | NateTC the Gargoyle Fighter began the quest for the Orb.
     0 | D:1      | Reached XP level 1. HP: 14/14 MP: 1/1
     1 | D:1      | Found a runed translucent door.
    26 | D:1      | Reached XP level 2. HP: 17/20 MP: 2/2
    40 | D:1      | Reached skill level 4 in Fighting
    53 | D:1      | Reached XP level 3. HP: 24/24 MP: 3/3
  1163 | D:2      | Reached XP level 4. HP: 30/30 MP: 4/4
  1282 | D:2      | Noticed Jessica
  1309 | D:2      | Killed Jessica
  1310 | D:2      | Reached skill level 5 in Fighting
  1432 | D:2      | Reached XP level 5. HP: 35/35 MP: 5/5
  1475 | D:2      | Noticed Sigmund
  1515 | D:2      | Killed Sigmund
  1516 | D:2      | Reached skill level 6 in Fighting
  1516 | D:2      | Reached XP level 6. HP: 8/42 MP: 6/6
  1771 | D:2      | Noticed Robin
  1793 | D:2      | Killed Robin
  2241 | D:2      | Found Seypt's Magic Scroll Shoppe.
  2487 | D:3      | Found a glowing drain.
  2532 | Sewer    | Entered a sewer
  2969 | Sewer    | Reached skill level 7 in Fighting
  2969 | Sewer    | Reached XP level 7. HP: 44/48 MP: 7/7
  3649 | D:3      | Found Hucoy's Assorted Antiques.
  3654 | D:3      | Bought a kite shield for 117 gold pieces
  4105 | D:4      | Noticed Blork the orc
  4114 | D:4      | Killed Blork the orc
  4169 | D:4      | Reached skill level 8 in Fighting
  4169 | D:4      | Reached skill level 5 in Maces & Flails
  4294 | D:4      | Reached XP level 8. HP: 54/54 MP: 8/8
  4640 | D:5      | Entered Level 5 of the Dungeon
  4910 | D:5      | Reached skill level 9 in Fighting
  4994 | D:5      | Reached skill level 5 in Shields
  5236 | D:5      | Found a glowing golden altar of the Shining One.
  5430 | D:5      | Found a staircase to the Ecumenical Temple.
  5707 | D:6      | Slain by an ogre

Illustrated notes

Levels and vault maps discovered:
D:1:      dpeg_arrival_caged_fury, layout_basic, chequers_avenue,
          corexii_item_surrounded_by_moat
D:2:      layout_loops_corners, serial_shops, nicolae_lakefront_shop,
          minmay_tetromino_l2, uniq_jessica, uniq_sigmund, uniq_robin
D:3:      layout_basic, portal_sewer_entry_f, serial_shops, shop
D:4:      layout_cave_pools, uniq_blork_the_orc
D:5:      layout_basic, tso_altar, minmay_temple_entry_enclosed_plants,
          serial_glass, glass_columns_a, glass_columns_a
D:6:      layout_cave_pods, gammafunk_ghost_stat_death

Skill      XL: |  1  2  3  4  5  6  7  8 |
---------------+-------------------------+-----
Fighting       | 4 5 6 7 8 9 |  9.6
Maces & Flails | 3 4 5 |  5.4
Shields        | 4 5 |  5.4
Armour         | |  3.2

Action                     |  1- 3 |  4- 6 |  7- 9 || total
---------------------------+-------+-------+-------++-------
  Melee: Flail             |   123 |   283 |   198 ||   604
    Use: Potion            |     1 |     1 |     2 ||     4
         Scroll            |     5 |     4 |     2 ||    11
 Armour: Scale mail        |    90 |   338 |   136 ||   564
  Dodge: Dodged            |    77 |   243 |    57 ||   377
  Block: Buckler           |    28 |   119 |     6 ||   153
         Kite shield       |       |       |    82 ||    82

Table legend: (Time is in decaauts)
 A = Elapsed time spent in this place.
 B = Non-inter-level travel time spent in this place.
 C = Inter-level travel time spent in this place.
 D = Time resting spent in this place.
 E = Time spent auto-exploring this place.
 F = Levels seen in this place.
 G = Mean time per level.
                   A        B        C        D        E       F      G
               +--------+--------+--------+--------+--------+-----+--------+
         Total |   5897 |   5752 |    145 |    256 |   3959 |   7 |  842.4 |
       Dungeon |   5116 |   4971 |    145 |    159 |   3578 |   6 |  852.7 |
         Sewer |    781 |    781 |      0 |     97 |    381 |   1 |  781.0 |
               +--------+--------+--------+--------+--------+-----+--------+

Top non-repeatable levels by time:
     D:2: 1317 daAuts
     D:1: 1138 daAuts
     D:5: 943 daAuts
     D:3: 860 daAuts
   Sewer: 781 daAuts
     D:4: 706 daAuts
     D:6: 149 daAuts
